[Event "*** Titled Tuesday Blitz"]
[Site "Chess.com"]
[Date "2020.11.03"]
[Round "8"]
[White "Kobalia"]
[Black "rasmussvane"]
[Result "1-0"]
[WhiteElo "2750"]
[BlackElo "2920"]
[TimeControl "180+1"]
[EndTime "11:31:01 PST"]
[Termination "Kobalia won by checkmate"]

1. e4 c6 2. Nf3 d5 3. d3 Bg4 4. h3 Bh5 5. Qe2 e6 6. Bd2 Nd7 7. Nc3 Qb6 8. g4 Bg6 9. exd5 cxd5 10. Nxd5 Qxb2 11. Bc3 Bb4 12. Bxb4 Qxa1+ 13. Kd2 Rc8 14. Bg2 Qxa2 15. Nc3 Qa6 16. Nd4 Rxc3 17. Kxc3 Ngf6 18. f4 Kd8 19. f5 exf5 20. Qe7+ Kc7 21. Bd6+ Kc8 22.
Rb1 Re8 23. Bxb7+ Qxb7 24. Rxb7 Rxe7 25. Rc7+ Kd8 26. Nc6+ Ke8 27. Rc8# 1-0

[Event "*** Titled Tuesday Blitz"]
[Site "Chess.com"]
[Date "2020.11.03"]
[Round "8"]
[White "IMJonathanCarlstedt"]
[Black "yobdc"]
[Result "0-1"]
[WhiteElo "2494"]
[BlackElo "2361"]
[TimeControl "180+1"]
[EndTime "11:31:01 PST"]
[Termination "yobdc won by resignation"]

1. d4 d5 2. Bf4 Nf6 3. e3 Bf5 4. c4 c6 5. Nc3 e6 6. Qb3 Qb6 7.
c5 Qxb3 8. axb3 Nbd7 9. b4 Nh5 10. b5 Nxf4 11. exf4 g5 12. fxg5 Bg7 13. Nge2 e5 14. bxc6 bxc6 15. O-O-O O-O 16. g3 Rfe8 17. Bg2 exd4 18.
Nxd4 Bxd4 19. Rxd4 Nxc5 20. Kd1 Nd3 21. Kd2 Nxb2 22. Rb1 Bxb1 23. Nxb1 Nc4+ 24. Kc3 Rab8 25. Nd2 Na3 26. Kd3 Rb2 27. Ra4 Nb5 28. Ra6 Re1 29. Bf3 c5 30. Bxd5 Rd1 31. Kc4 Rdxd2 0-1

[Event "*** Titled Tuesday Blitz"]
[Site "Chess.com"]
[Date "2020.11.03"]
[Round "8"]
[White "Lion-Al-Messi"]
[Black "indfraeng"]
[Result "1-0"]
[WhiteElo "2560"]
[BlackElo "2362"]
[TimeControl "180+1"]
[EndTime "11:31:02 PST"]
[Termination "Lion-Al-Messi won by checkmate"]

1. e4 e5 2. Nf3 Nc6 3. Bb5 a6 4. Ba4 Nf6 5. O-O Be7 6. Qe2 b5 7. Bb3 d6 8. c3 O-O 9. Rd1 Re8 10. d4 exd4 11. cxd4 Bb7 12. e5 Nd7 13. Bf4 Nf8 14.
Nc3 Ng6 15. Bg3 h5 16. h3 h4 17. Bh2 Bg5 18. Bc2 dxe5 19. dxe5 Qe7 20. Nd5 Qc5 21. Bxg6 fxg6 22. Nxc7 Nd4 23. Nxd4 Qxc7 24. Qg4 Qe7 25.
f4 Bh6 26. Nf3 Bxf3 27. Qxf3 Kh7 28. Rd6 Rad8 29. Rad1 Rxd6 30. exd6 Qd7 31. Qg4 Re6 32.
f5 gxf5 33. Qxf5+ g6 34. Qd5 Qe8 35. Kh1 Qf7 36. Bg1 Qd7 37. Bc5 Qe8 38. d7 Re1+ 39.
Bg1 Qe2 40. Rxe1 Qxe1 41. d8=Q Be3 42. Qe7+ Kh6 43. Qf8+ Kh7 44. Qdf7# 1-0

[Event "*** Titled Tuesday Blitz"]
[Site "Chess.com"]
[Date "2020.11.03"]
[Round "8"]
[White "canary2016"]
[Black "ciucas1892"]
[Result "1-0"]
[WhiteElo "1980"]
[BlackElo "2250"]
[TimeControl "180+1"]
[EndTime "11:31:02 PST"]
[Termination "canary2016 won by checkmate"]

1. d4 Nf6 2. c4 g6 3. g3 Bg7 4.
Bg2 O-O 5. Nf3 d5 6. cxd5 Nxd5 7. O-O Nb6 8. Nc3 Nc6 9. d5 Nb4 10. e4 a5 11. a3 Na6 12. Bf4 Nc4 13. Qe2 Nd6 14.
Rac1 Bg4 15. Rfd1 Nc5 16. e5 Nf5 17. h3 Bxf3 18. Bxf3 Nb3 19. Rb1 Nbd4 20. Qd3 Nxf3+ 21. Qxf3 Qc8 22. Rbc1 e6 23. g4 Ne7 24. d6 cxd6 25. exd6 Nc6 26. d7 Qd8 27. Qe3 e5 28. Bg5 f6 29.
Bh4 Nd4 30. Ne2 Qxd7 31. Nxd4 exd4 32. Rxd4 Qc6 33. Rxc6 bxc6 34. Rd7 Rfe8 35. Qb3+ Kh8 36. Qf7 Rg8 37. Bxf6 Raf8 38. Bxg7+ Rxg7 39. Qxg7# 1-0

[Event "*** Titled Tuesday Blitz"]
[Site "Chess.com"]
[Date "2020.11.03"]
[Round "8"]
[White "TurboSteen"]
[Black "AndrewMcStone"]
[Result "1-0"]
[WhiteElo "2026"]
[BlackElo "2104"]
[TimeControl "180+1"]
[EndTime "11:31:02 PST"]
[Termination "TurboSteen won by resignation"]

1. e4 e6 2. d4 d5 3. Nd2 Nf6 4. e5 Nfd7 5. c3 c5 6. Bd3 Nc6 7. Ne2 cxd4 8. cxd4 f6 9. exf6 Nxf6 10. O-O Bd6 11. Nf3 O-O 12. Bf4 Ne4 13. Bxd6 Qxd6 14. Ng3 Nxg3 15. hxg3 Bd7 16. Re1 g6 17. Ne5 Nxe5 18.
Rxe5 Qb4 19. Qg4 Rf6 20. Rg5 Qxb2 21. Rf1 Kg7 22. Rh5 Raf8 23. Qg5 Rxf2 24. Qh6+ Kf7 25.
Rxf2+ 1-0

[Event "*** Titled Tuesday Blitz"]
[Site "Chess.com"]
[Date "2020.11.03"]
[Round "8"]
[White "WonderChampion"]
[Black "kreonx"]
[Result "0-1"]
[WhiteElo "2033"]
[BlackElo "2296"]
[TimeControl "180+1"]
[EndTime "11:31:03 PST"]
[Termination "kreonx won by resignation"]

1. e4 c6 2. c4 d5 3. exd5 cxd5 4. cxd5 Nf6 5. Nc3 Nxd5 6. Nxd5 Qxd5 7. Nf3 Nc6 8. d4 Bg4 9. Be3 Bxf3 10. gxf3 e6 11. Bg2 Bb4+ 12. Bd2 Qxd4 13. Bxb4 Qxb4+ 14. Qd2 Qxd2+ 15. Kxd2 O-O-O+ 16. Ke1 Ne5 17. Rc1+ Kb8 18. Rc3 Nd3+ 19. Kf1 Nf4 20. Rc1 Rd2 21. Rb1 Rhd8 22. Re1 Rxb2 23. h4 Rdd2 24. Kg1 Rxf2 25. Rh2 Rxg2+ 26. Rxg2 Rxg2+ 27. Kf1 Rxa2 0-1

[Event "*** Titled Tuesday Blitz"]
[Site "Chess.com"]
[Date "2020.11.03"]
[Round "8"]
[White "elisak43"]
[Black "MarcoRiehle"]
[Result "0-1"]
[WhiteElo "2489"]
[BlackElo "2698"]
[TimeControl "180+1"]
[EndTime "11:31:06 PST"]
[Termination "MarcoRiehle won on time"]

1. d4 d5 2. Nf3 e6 3. c4 Nf6 4.
Nc3 dxc4 5. Qa4+ Nbd7 6. Qxc4 a6 7. a4 b5 8. Qb3 b4 9. Nb1 c5 10. e3 Bb7 11. Be2 Rc8 12. O-O Be7 13. Nbd2 O-O 14. Nc4 cxd4 15. exd4 Bd5 16. Be3 Nb6 17. Nfd2 Ne4 18.
Nxe4 Nxc4 19. Ng3 Nd2 20. Qd3 Nxf1 21. Nxf1 a5 22. Nd2 Qd7 23. b3 Rc3 24. Qb5 Qxb5 25. axb5 Bxb3 26. Rxa5 Bd5 27. b6 Rb8 28. Bf3 Bxf3 29.
gxf3 Rxb6 0-1

[Event "*** Titled Tuesday Blitz"]
[Site "Chess.com"]
[Date "2020.11.03"]
[Round "8"]
[White "Heineccius"]
[Black "ClydeHillKid"]
[Result "1-0"]
[WhiteElo "2530"]
[BlackElo "2353"]
[TimeControl "180+1"]
[EndTime "11:31:07 PST"]
[Termination "Heineccius won by resignation"]

1. d4 d5 2. c4 e6 3. Nc3 Nf6 4. cxd5 exd5 5. Bg5 c6 6. e3 Bd6 7. Bd3 O-O 8. Nf3 Re8 9. h3 Nbd7 10. O-O Nf8 11. Qc2 Ng6 12. Rfe1 h6 13. Bxf6 Qxf6 14. e4 dxe4 15. Nxe4 Qd8 16. Nxd6 Rxe1+ 17. Rxe1 Qxd6 18.
Re8+ Kh7 19. Ne5 f5 20. Nxg6 Kxg6 21. Rxc8 Rxc8 22. Bxf5+ Kf7 23. Bxc8 Qxd4 24. Bxb7 c5 25. Ba6 Kf6 26. Bc4 Ke7 27. Qe2+ Kd6 28. Qd3 Ke5 29.
Qxd4+ Kxd4 30. b3 a5 31. a4 g5 32. g3 Kc3 33. Kg2 Kd4 34. Kf3 Ke5 35. Kg4 Kf6 36. Kh5 Kg7 37. f4 gxf4 38. gxf4 Kh7 39. f5 Kg7 40. Kg4 Kf6 41. Kf4 h5 42. h4 1-0

[Event "*** Titled Tuesday Blitz"]
[Site "Chess.com"]
[Date "2020.11.03"]
[Round "8"]
[White "GameOverBro"]
[Black "Kolle05"]
[Result "1-0"]
[WhiteElo "2524"]
[BlackElo "2351"]
[TimeControl "180+1"]
[EndTime "11:31:09 PST"]
[Termination "GameOverBro won by checkmate"]

1. e4 c5 2. Ne2 d6 3. g3 g6 4. Bg2 Bg7 5. c3 e6 6. d4 cxd4 7. cxd4 Ne7 8. Nbc3 O-O 9. O-O Nbc6 10. Be3 d5 11. e5 b6 12. Qd2 Ba6 13. Rac1 Rc8 14.
f4 h5 15. h3 Nf5 16. Bf2 Nb4 17. a3 Nd3 18. Rc2 Nxf2 19. Kxf2 Qd7 20. Rfc1 Rc7 21. g4 hxg4 22. hxg4 Nh4 23. Ng3 Nxg2 24. Kxg2 Rfc8 25. f5 exf5 26. gxf5 gxf5 27. Qg5 Qe6 28. Nxf5 Qg6 29. Qxg6 fxg6 30. Nd6 Rd8 31. Nxd5 Rxc2+ 32. Rxc2 Bf8 33. Nf6+ Kh8 34. Rc7 Bg7 35. Nf7# 1-0

[Event "*** Titled Tuesday Blitz"]
[Site "Chess.com"]
[Date "2020.11.03"]
[Round "8"]
[White "Shuvalov"]
[Black "lelya96"]
[Result "1-0"]
[WhiteElo "2420"]
[BlackElo "2202"]
[TimeControl "180+1"]
[EndTime "11:31:09 PST"]
[Termination "Shuvalov won by resignation"]

1. b4 a5 2. b5 e5 3. Bb2 d6 4.
e3 Nf6 5. c4 Be7 6. g3 O-O 7.
Bg2 c6 8. a4 Be6 9. d3 Qc7 10.
Nd2 Nbd7 11. Ne2 Nc5 12. Qc2 Bf5 13. e4 Be6 14. h3 cxb5 15. axb5 b6 16. f4 Rfc8 17. f5 Bd7 18. g4 Ne8 19. h4 f6 20.
Nf3 d5 21. exd5 Nd6 22. Nd2 Bxf5 23. gxf5 Nxf5 24. Kf2 Bd6 25. Bh3 g6 26. h5 Re8 27.
hxg6 hxg6 28. Bxf5 gxf5 29. Rag1+ Kf8 30. Rh8+ Ke7 31. Rg7+ 1-0

[Event "*** Titled Tuesday Blitz"]
[Site "Chess.com"]
[Date "2020.11.03"]
[Round "8"]
[White "Azerichess"]
[Black "Supernotar"]
[Result "1-0"]
[WhiteElo "3013"]
[BlackElo "2843"]
[TimeControl "180+1"]
[EndTime "11:31:10 PST"]
[Termination "Azerichess won by checkmate"]

1. d4 d5 2. c4 dxc4 3. e4 Nf6 4. e5 Nd5 5. Bxc4 Nb6 6. Bd3 Nc6 7. Be3 Nb4 8. Be4 N4d5 9. Nc3 Be6 10. Nf3 h6 11. a4 a5 12. O-O c6 13. Nd2 g6 14. Nb3 Nxe3 15. fxe3 Bg7 16. Nc5 Bc4 17.
e6 f5 18. Rxf5 Qc7 19. Rf7 Bf6 20. b3 Bd5 21. Nxd5 Nxd5 22. Bxd5 cxd5 23. Qf1 Bg5 24.
Qb5+ Qc6 25. Qd3 O-O-O 26. g3 Kb8 27. h4 Bf6 28. Rf1 Qd6 29. Kg2 Rc8 30. R1xf6 exf6 31. Rxb7+ Ka8 32. Qb5 Rc6 33. Ra7+ Kxa7 34. Qb7# 1-0

[Event "*** Titled Tuesday Blitz"]
[Site "Chess.com"]
[Date "2020.11.03"]
[Round "8"]
[White "Onischuk_V"]
[Black "AnishOnYoutube"]
[Result "1-0"]
[WhiteElo "2875"]
[BlackElo "2968"]
[TimeControl "180+1"]
[EndTime "11:31:11 PST"]
[Termination "Onischuk_V won by resignation"]

1. e4 c5 2. Ne2 d6 3. g3 Nf6 4. Bg2 Nc6 5. O-O g6 6. c3 Bg7 7. d4 Bg4 8. d5 Ne5 9. f4 Ned7 10. h3 Bxe2 11. Qxe2 O-O 12. a4 Ne8 13. Na3 Nc7 14.
Nc4 b6 15. e5 Ne8 16. e6 Ndf6 17. exf7+ Rxf7 18. f5 gxf5 19. Rxf5 Qd7 20. g4 Nc7 21. a5 b5 22. Ne3 Re8 23. g5 Nfxd5 24. Rxf7 Kxf7 25.
Nxd5 Nxd5 26. Bxd5+ e6 27. Qh5+ Kg8 28. Be4 Be5 29. Be3 Rf8 30. Rf1 Rxf1+ 31. Kxf1 b4 32. g6 hxg6 33. Qxg6+ Bg7 34. Bh6 1-0

[Event "*** Titled Tuesday Blitz"]
[Site "Chess.com"]
[Date "2020.11.03"]
[Round "8"]
[White "Mikhail_Golubev"]
[Black "fabianvivasz"]
[Result "1-0"]
[WhiteElo "2560"]
[BlackElo "2379"]
[TimeControl "180+1"]
[EndTime "11:31:12 PST"]
[Termination "Mikhail_Golubev won on time"]

1. e4 e5 2. Nf3 Nc6 3. Bb5 f5 4. Nc3 fxe4 5. Nxe4 Nf6 6. Ng3 e4 7. Qe2 Qe7 8. Bxc6 dxc6 9. Nd4 Qe5 10. c3 Bd6 11. O-O h5 12. f4 Qe7 13. Nxe4 Nxe4 14.
Re1 1-0

[Event "*** Titled Tuesday Blitz"]
[Site "Chess.com"]
[Date "2020.11.03"]
[Round "8"]
[White "Everyfishknows"]
[Black "tylityli"]
[Result "1/2-1/2"]
[WhiteElo "2398"]
[BlackElo "2285"]
[TimeControl "180+1"]
[EndTime "11:31:13 PST"]
[Termination "Game drawn by repetition"]

1. Nf3 Nf6 2. c4 c5 3. Nc3 d5 4. cxd5 Nxd5 5. e4 Nb4 6. Bc4 e6 7. O-O Be7 8. d4 cxd4 9. Qxd4 Qxd4 10. Nxd4 a6 11. a3 N4c6 12. Nf3 O-O 13. Bf4 b5 14. Be2 Nd7 15. Rac1 Bb7 16. Rfd1 Nb6 17. Bd6 Bxd6 18. Rxd6 Rfd8 19. Rcd1 Kf8 20. Rxd8+ Rxd8 21. Rxd8+ Nxd8 22. Ne5 f6 23. Nd3 Nc4 24. a4 Bc6 25. Nb4 Nxb2 26. Nxc6 Nxc6 27. axb5 axb5 28. Bxb5 Nd4 29.
Ba6 Ke7 30. Kf1 Kd6 31. Ke1 Kc5 32. Kd2 Nc4+ 33. Bxc4 Kxc4 34. Nd1 Nc6 35. Ke3 Na5 36. f4 Kc5 37. Nf2 Nc4+ 38. Kd3 Nb2+ 39. Ke3 Nc4+ 40. Kd3 Nb2+ 41. Ke3 Nc4+ 1/2-1/2

[Event "*** Titled Tuesday Blitz"]
[Site "Chess.com"]
[Date "2020.11.03"]
[Round "8"]
[White "Pertinhez76"]
[Black "Evachess2006"]
[Result "1-0"]
[WhiteElo "2138"]
[BlackElo "1636"]
[TimeControl "180+1"]
[EndTime "11:31:13 PST"]
[Termination "Pertinhez76 won by resignation"]

1. d4 d5 2. Nf3 Bf5 3. Bf4 Nf6 4. e3 e6 5. c4 Bb4+ 6. Nc3 O-O 7. Qb3 Nc6 8. h3 Ne4 9. Rc1 Bxc3+ 10. bxc3 Na5 11. Qa4 Nxc4 12. Bxc4 dxc4 13. Qxc4 c6 14. Ne5 Qd5 15. Qe2 f6 16. Nf3 Ng5 17. c4 Qa5+ 18. Qd2 Nxf3+ 19. gxf3 Qxd2+ 20. Kxd2 Rad8 21. Kc3 Rfe8 22. e4 Bg6 23. Rb1 b6 24. a4 e5 25. Be3 exd4+ 26. Bxd4 c5 27.
Be3 Bf7 28. a5 bxa5 29. Rb7 a4 30. Ra1 Rb8 31. Rxb8 Rxb8 32. Rxa4 Rb7 33. Bxc5 Rc7 34. Kb4 Bxc4 35. Kxc4 a5 36. Rxa5 f5 37. Ra8+ Kf7 38. Rf8+ 1-0

[Event "*** Titled Tuesday Blitz"]
[Site "Chess.com"]
[Date "2020.11.03"]
[Round "8"]
[White "Jungle_Jaguar"]
[Black "Chessalary"]
[Result "1-0"]
[WhiteElo "2631"]
[BlackElo "2428"]
[TimeControl "180+1"]
[EndTime "11:31:14 PST"]
[Termination "Jungle_Jaguar won on time"]

1. e4 c6 2. d4 d5 3. e5 Bf5 4. h4 h5 5. Bg5 Qb6 6. Bd3 Bxd3 7. Qxd3 Qxb2 8. e6 Qxa1 9. Qb3 Qxd4 10. Qxb7 fxe6 11.
Be3 Qa1 12. Nf3 Nf6 13. Qc8+ Kf7 14. O-O Ne4 15. Bd4 Qxa2 16. Ne5+ Kg8 17. Qxe6+ Kh7 18. Qg6+ Kg8 19. Qf7+ Kh7 20. Qxh5+ Kg8 21. Qf7+ Kh7 22.
Qg6+ Kg8 23. Qe6+ Kh7 24. Nf7 Qxc2 25. Nc3 g6 26. Nxe4 dxe4 27. Nxh8 Bg7 28. Qxg6+ 1-0

[Event "*** Titled Tuesday Blitz"]
[Site "Chess.com"]
[Date "2020.11.03"]
[Round "8"]
[White "NikolaGry"]
[Black "Alindsay211"]
[Result "1-0"]
[WhiteElo "2632"]
[BlackElo "2458"]
[TimeControl "180+1"]
[EndTime "11:31:16 PST"]
[Termination "NikolaGry won by resignation"]

1. b3 b6 2. Bb2 Bb7 3. Nf3 Nf6 4. e3 e6 5. Be2 g6 6. O-O Bg7 7. c4 O-O 8. d4 d5 9. Nc3 c5 10. dxc5 bxc5 11. Rc1 Ne4 12. cxd5 exd5 13. Qc2 Nxc3 14.
Bxc3 d4 15. Rfd1 Nc6 16. Be1 dxe3 17. Rxd8 exf2+ 18. Bxf2 Raxd8 19. Qxc5 Rc8 20. Qb5 Nd4 21. Rxc8 Nxb5 22. Rxf8+ Kxf8 23. Bxb5 Ke7 24. Bxa7 Kd6 25. Bc4 f5 26. b4 Bc3 27. Bc5+ Kd7 28. a4 Bc6 29. a5 Kc7 30. a6 Ba8 31. b5 Ba5 32. Nd4 Bb6 33. Ne6+ 1-0

[Event "*** Titled Tuesday Blitz"]
[Site "Chess.com"]
[Date "2020.11.03"]
[Round "8"]
[White "Shield12"]
[Black "PaulfromSPb"]
[Result "1-0"]
[WhiteElo "2908"]
[BlackElo "2708"]
[TimeControl "180+1"]
[EndTime "11:31:17 PST"]
[Termination "Shield12 won by resignation"]

1. e4 c5 2. Nf3 d6 3. d4 cxd4 4.
Qxd4 a6 5. c4 Nc6 6. Qe3 g6 7.
Nc3 Bg7 8. h3 Nf6 9. Be2 Nd7 10.
O-O O-O 11. Rd1 Nc5 12. Bd2 Ne6 13. Rac1 Bd7 14. b3 Ned4 15. Nxd4 Bxd4 16. Qg3 Bg7 17.
Nd5 Nd4 18. Bf1 b5 19. Bg5 f6 20. Be3 Ne6 21. Nb6 Rb8 22. c5 f5 23. exf5 gxf5 24. cxd6 f4 25. dxe7 Qxe7 26. Rxd7 Qxd7 27. Nxd7 fxg3 28.
Nxb8 gxf2+ 29. Bxf2 Rxb8 30. Rc6 Nd4 31. Rxa6 b4 32.
Bc4+ Kh8 33. Ra7 Nc6 34. Rc7 Ne5 35. Bg3 Re8 36. Bb5 Rb8 37. Rxg7 Rxb5 38. Bxe5 Rxe5 39.
Rb7 Re4 40. Kf2 h5 41. Kf3 Rd4 42. Ke3 Rh4 43. Rc7 Kg8 44. Rc4 Rxc4 45. bxc4 1-0

[Event "*** Titled Tuesday Blitz"]
[Site "Chess.com"]
[Date "2020.11.03"]
[Round "8"]
[White "Na_binci"]
[Black "ajdemipopushi"]
[Result "0-1"]
[WhiteElo "2159"]
[BlackElo "2366"]
[TimeControl "180+1"]
[EndTime "11:31:18 PST"]
[Termination "ajdemipopushi won by resignation"]

1. d4 Nf6 2. c4 c5 3. d5 b5 4. cxb5 a6 5. bxa6 Bxa6 6. Nc3 g6 7. e4 Bxf1 8. Kxf1 d6 9. g4 Bg7 10. g5 Nh5 11. Kg2 Nd7 12. Nge2 Qa5 13. Ng3 Nxg3 14. hxg3 Bxc3 15. bxc3 Qxc3 16. Bd2 Qc4 17. f3 Rxa2 18.
Rxa2 Qxa2 19. Kh3 O-O 20. Bf4 Rb8 21. Rh2 Qc4 22. Qh1 f6 23. Kg4 f5+ 24. Kh4 fxe4 25. fxe4 Rb4 26. Re2 Qxe2 0-1

[Event "*** Titled Tuesday Blitz"]
[Site "Chess.com"]
[Date "2020.11.03"]
[Round "8"]
[White "lucachess49"]
[Black "redbaron8888"]
[Result "0-1"]
[WhiteElo "2369"]
[BlackElo "2549"]
[TimeControl "180+1"]
[EndTime "11:31:19 PST"]
[Termination "redbaron8888 won by resignation"]

1. d4 Nf6 2. c4 e6 3. Nc3 Bb4 4. e3 O-O 5. Ne2 c6 6. a3 Ba5 7. Qc2 d5 8. Ng3 Nbd7 9. Be2 dxc4 10. Bxc4 e5 11. O-O exd4 12. exd4 Bc7 13. Ba2 Nb6 14. Re1 Qxd4 15. Be3 Qh4 16. Bc5 Ng4 17. h3 Nxf2 18.
Qxf2 Bxh3 19. Nge4 Qg4 20. Bxf8 Rxf8 21. Ng5 Nc4 22.
Bxc4 Bb6 23. Re3 Bxe3 24. Bxf7+ Kh8 25. Nxh3 Bxf2+ 26. Nxf2 Qf4 27. Re1 Qxf7 28. Nce4 Qb3 29. Re2 Re8 30. Ng5 Rxe2 31. Nf7+ 0-1

[Event "*** Titled Tuesday Blitz"]
[Site "Chess.com"]
[Date "2020.11.03"]
[Round "8"]
[White "UB_TheQueen"]
[Black "TheCairnTerrier"]
[Result "0-1"]
[WhiteElo "2068"]
[BlackElo "2182"]
[TimeControl "180+1"]
[EndTime "11:31:20 PST"]
[Termination "TheCairnTerrier won by resignation"]

1. e4 c5 2. Nf3 e6 3. d4 cxd4 4. Nxd4 Nf6 5. Nc3 d6 6. Bc4 Be7 7. Bb3 O-O 8. g4 Nc6 9. g5 Nd7 10. h4 a6 11. Be3 Nc5 12. Qe2 Nxd4 13. Bxd4 Nxb3 14. axb3 Bd7 15. O-O-O Qc7 16. f4 b5 17.
f5 b4 18. f6 bxc3 19. fxe7 cxb2+ 20. Bxb2 Rfe8 21. Qd3 Rac8 22. Rh2 d5 23. Qd4 e5 24.
Qxd5 Rxe7 25. Ba3 Be6 26. Qd3 Rd7 27. Qe2 Bxb3 28. Rxd7 Qxd7 29. Qxa6 Be6 30. Qa5 Qd4 31. Bb2 Qg1+ 32. Kd2 Qxh2+ 33. Kd3 Qxc2+ 34. Ke3 Qxb2 35. Kf3 Rc3+ 0-1

[Event "*** Titled Tuesday Blitz"]
[Site "Chess.com"]
[Date "2020.11.03"]
[Round "8"]
[White "esskeettit"]
[Black "QuintilianoR"]
[Result "0-1"]
[WhiteElo "2456"]
[BlackElo "2628"]
[TimeControl "180+1"]
[EndTime "11:31:22 PST"]
[Termination "QuintilianoR won by checkmate"]

1. d4 Nf6 2. c4 e6 3. Nf3 b6 4.
a3 Bb7 5. Nc3 d5 6. cxd5 Nxd5 7.
Qc2 Be7 8. e4 Nxc3 9. bxc3 O-O 10. Bd3 c5 11. O-O Nd7 12. Bf4 Rc8 13. Qe2 Nf6 14.
h3 cxd4 15. cxd4 Rc3 16. a4 Qa8 17. Nd2 Rd8 18. Be5 Nd7 19. Bf4 Nc5 20. dxc5 Rcxd3 21. cxb6 axb6 22. f3 e5 23. Bxe5 Rxd2 24. Qe1 Bf8 25. Qg3 Qa5 26. Rfc1 Re2 27. Rc7 Rdd2 28. Bc3 Rxg2+ 29.
Qxg2 Rxg2+ 30. Kxg2 Qg5+ 31. Kf2 Bc5+ 32. Ke2 Qe3+ 33.
Kd1 Qxc3 34. Rc1 Qxf3+ 35. Kc2 Bxe4+ 36. Kb2 Qa3# 0-1

[Event "*** Titled Tuesday Blitz"]
[Site "Chess.com"]
[Date "2020.11.03"]
[Round "8"]
[White "ViktoriyaTarasova"]
[Black "BlixLT"]
[Result "0-1"]
[WhiteElo "2253"]
[BlackElo "2385"]
[TimeControl "180+1"]
[EndTime "11:31:23 PST"]
[Termination "BlixLT won by resignation"]

1. d4 d5 2. c4 Nc6 3. cxd5 Qxd5 4. e3 e5 5. Nc3 Bb4 6. a3 Bxc3+ 7. bxc3 Nf6 8. Ne2 Bg4 9. h3 Bxe2 10. Qxe2 O-O 11. c4 Qd6 12. d5 Nb8 13. e4 Na6 14. Qc2 Nc5 15. Bd3 c6 16. O-O Rac8 17. f4 cxd5 18. exd5 e4 19. Be2 b5 20. Bb2 bxc4 21. Bxc4 Nd3 22.
Bxf6 Qxf6 23. Bxd3 Rxc2 24. Bxc2 Rc8 25. Bb3 Qc3 26.
Rac1 Qe3+ 0-1

[Event "*** Titled Tuesday Blitz"]
[Site "Chess.com"]
[Date "2020.11.03"]
[Round "8"]
[White "kuban1991"]
[Black "Evgeny81"]
[Result "1-0"]
[WhiteElo "2902"]
[BlackElo "2734"]
[TimeControl "180+1"]
[EndTime "11:31:28 PST"]
[Termination "kuban1991 won by resignation"]

1. Nf3 d5 2. g3 c6 3. Bg2 Bg4 4. Ne5 Bf5 5. d4 Nd7 6. O-O Nxe5 7. dxe5 e6 8. c4 dxc4 9. Nd2 Bc5 10. Nxc4 Qxd1 11.
Rxd1 Ne7 12. Nd6+ Kf8 13. Nxb7 Bb6 14. a4 h5 15. a5 Bc7 16. Bf4 Ng6 17. e4 Nxf4 18.
gxf4 Bh7 19. Rd7 Rc8 20. Rad1 g5 21. Nd6 Bxd6 22. exd6 gxf4 23. Rxa7 Rg8 24. f3 Rg5 25. b4 Rb5 26. Rc7 Rd8 27. a6 Rxb4 28. Ra1 Rbb8 29. a7 Ra8 30. e5 Bd3 31. Bf1 Bxf1 32. Kxf1 f6 33. Rb1 fxe5 34. Rbb7 c5 35. Rxc5 Rxd6 36.
Rb8+ Rd8 37. Rxd8+ Rxd8 38. Rb5 Ke7 39. Rb8 Rd1+ 40.
Ke2 Ra1 41. a8=Q Rxa8 42. Rxa8 1-0

[Event "*** Titled Tuesday Blitz"]
[Site "Chess.com"]
[Date "2020.11.03"]
[Round "8"]
[White "Bacyanide"]
[Black "oogee"]
[Result "1-0"]
[WhiteElo "2402"]
[BlackElo "2197"]
[TimeControl "180+1"]
[EndTime "11:31:30 PST"]
[Termination "Bacyanide won by resignation"]

1. d4 Nf6 2. Nf3 g6 3. c4 Bg7 4.
Nc3 d6 5. e4 O-O 6. Be2 e5 7.
O-O Nc6 8. d5 Ne7 9. Ne1 Nd7 10.
Nd3 f5 11. Bd2 f4 12. Bg4 h5 13. Be6+ Kh7 14. f3 g5 15. Rc1 Rf6 16. Be1 Rxe6 17.
dxe6 Nf6 18. Nxe5 Bxe6 19. Nd3 Bxc4 20. h4 g4 21. b3 Ba6 22. Nxf4 Bxf1 23. Kxf1 Qd7 24.
Bf2 Rf8 25. Ncd5 Qb5+ 26. Kg1 Nexd5 27. exd5 Qa5 28. Ne6 Rf7 29. Qd3+ Kg8 30. Qg6 Qd2 31. Re1 Qc3 32. Ng5 1-0

[Event "*** Titled Tuesday Blitz"]
[Site "Chess.com"]
[Date "2020.11.03"]
[Round "8"]
[White "guillembaches"]
[Black "LubovMarkelova"]
[Result "1-0"]
[WhiteElo "2383"]
[BlackElo "2241"]
[TimeControl "180+1"]
[EndTime "11:31:31 PST"]
[Termination "guillembaches won by resignation"]

1. e4 e6 2. Nf3 d5 3. exd5 exd5 4.
d4 Bd6 5. c4 Nf6 6. Nc3 dxc4 7.
Bxc4 O-O 8. O-O Nc6 9. h3 h6 10. a3 Bf5 11. Re1 Qd7 12. d5 Ne7 13. Ne5 Bxe5 14. Rxe5 Ng6 15. Re1 Rfe8 16. Be3 Bxh3 17.
gxh3 Qxh3 18. Bf1 Qf5 19. Qd4 Ng4 20. Bh3 N6e5 21. Bxg4 Nxg4 22. Qf4 Qh5 23. Kg2 g5 24. Qg3 f5 25. Qxc7 f4 26. Rh1 Qg6 27. Bd4 Rac8 28. Qxb7 f3+ 29. Kg1 Rc4 30. Qxa7 Ne5 31.
Re1 Qf5 32. Bxe5 Rxe5 33. Qb8+ Kg7 34. Qxe5+ Qxe5 35. Rxe5 Rg4+ 36. Kf1 Kf6 37. Re3 Kf5 38. Rxf3+ 1-0

[Event "*** Titled Tuesday Blitz"]
[Site "Chess.com"]
[Date "2020.11.03"]
[Round "8"]
[White "Lady_Nika"]
[Black "alexsergeyev"]
[Result "1-0"]
[WhiteElo "2456"]
[BlackElo "2328"]
[TimeControl "180+1"]
[EndTime "11:31:32 PST"]
[Termination "Lady_Nika won on time"]

1. d4 d5 2. e3 Nf6 3. f4 Bg4 4. Be2 Bxe2 5. Qxe2 b6 6. Nf3 e6 7. O-O Bd6 8. Nbd2 c5 9. Ne5 Nbd7 10. c3 Qc7 11. Rf3 g6 12. Rh3 h5 13. Rf3 Ne4 14. Nxe4 dxe4 15. Rf1 Nf6 16. Qb5+ Kf8 17. Bd2 Kg7 18. h3 cxd4 19. exd4 h4 20. Rae1 Rh5 21. Qe2 Rf5 22. Rf2 Rh8 23. Ng4 Nd5 24. Qxe4 Nxf4 25.
Bxf4 Bxf4 26. Ref1 Bg3 27. Rf3 Rhh5 28. Ne3 Rxf3 29.
Qxf3 b5 30. Qf6+ Kg8 31. Ng4 a5 32. a3 b4 33. axb4 axb4 34. Ra1 Qb7 35. c4 b3 36. Rd1 Kh7 37. Qf3 1-0

[Event "*** Titled Tuesday Blitz"]
[Site "Chess.com"]
[Date "2020.11.03"]
[Round "8"]
[White "Azoulas1"]
[Black "ecwinslow"]
[Result "1-0"]
[WhiteElo "2050"]
[BlackElo "2161"]
[TimeControl "180+1"]
[EndTime "11:31:34 PST"]
[Termination "Azoulas1 won on time"]

1. e4 c5 2. Nf3 d6 3. Bb5+ Bd7 4.
Bxd7+ Nxd7 5. O-O Ngf6 6. d3 e6 7. Ng5 h6 8. Nh3 Qc7 9. f4 Be7 10. Qe2 O-O-O 11. Nc3 a6 12. Be3 Rdg8 13. Rfb1 g5 14.
fxg5 hxg5 15. Bxg5 Rxh3 16. gxh3 Rxg5+ 17. Kh1 Ne5 18.
Nd1 Qc6 19. Nf2 d5 20. Rg1 Rxg1+ 21. Rxg1 dxe4 22. dxe4 c4 23. c3 Bc5 24. Rg5 Qd6 25.
Kg2 Bxf2 26. Kxf2 Nd3+ 27. Kf1 Qf4+ 28. Kg2 Qxg5+ 29. Kh1 Qf4 30. e5 Ne4 31. h4 Nef2+ 32. Kg1 Qg4+ 33. Qxg4 Nxg4 34. h5 Nh6 35. h3 Kd7 36.
Kg2 Ke7 37. Kf3 Kf8 38. Ke4 Kg7 39. Kd4 1-0

[Event "*** Titled Tuesday Blitz"]
[Site "Chess.com"]
[Date "2020.11.03"]
[Round "8"]
[White "S2PAc"]
[Black "MokshanovAlexey"]
[Result "1-0"]
[WhiteElo "2847"]
[BlackElo "2598"]
[TimeControl "180+1"]
[EndTime "11:31:36 PST"]
[Termination "S2PAc won by checkmate"]

1. d4 d5 2. Nf3 Nf6 3. g3 e6 4. Bg2 Be7 5. O-O O-O 6. c4 b6 7.
Ne5 Bb7 8. Nc3 Nbd7 9. Qa4 Nxe5 10. dxe5 Ne4 11. cxd5 Nxc3 12. bxc3 exd5 13. c4 c6 14.
cxd5 cxd5 15. Rd1 Bc5 16. Ba3 Re8 17. Bxc5 bxc5 18. Qb3 Qb6 19. Bxd5 Bxd5 20. Rxd5 h6 21. Rc1 Qxb3 22. axb3 Rab8 23. Rcxc5 Rxb3 24. Rc7 a6 25. Rdd7 Rxe5 26. Rxf7 Rg5 27. Ra7 Ra3 28. h4 Rg6 29.
Rfb7 Ra5 30. Kg2 h5 31. e3 Kh7 32. Rc7 Ra2 33. Re7 Kh6 34. Rf7 Ra5 35. e4 Ra2 36. e5 Re6 37. Rxg7 Rxe5 38. Rge7 Rf5 39. Re6+ Rf6 40. Rxf6# 1-0